 Dungeon Crawl Stone Soup version 0.27-a0-869-g165b36e3f0 (webtiles) character file.

Game seed: 14609439301659384254

642 polve the Cleaver (level 7, -18/85 HPs)
             Began as a Hill Orc Berserker on Apr 2, 2021.
             Was a Priest of Trog.
             Blown up by Ijyb (32 damage)
             ... with a mindburst bolt
             ... on level 3 of the Dungeon.
             The game lasted 00:02:39 (4014 turns).

polve the Cleaver (Hill Orc Berserker)              Turns: 4014, Time: 00:02:39

Health: -18/85     AC:  9    Str: 20    XL:     7   Next: 51%
Magic:  7/7        EV: 11    Int:  7    God:    Trog [***...]
Gold:   159        SH:  0    Dex: 12    Spells: 6/6 levels left

rFire    . . .     SeeInvis .   a - +0 hand axe
rCold    + . .     Faith    .   (no shield)
rNeg     . . .     Spirit   .   d - +0 ring mail
rPois    .         Reflect  .   (no helmet)
rElec    .         Harm     .   (no cloak)
rCorr    .         Rampage  .   (no gloves)
Will     .....                  (no boots)
Stlth    ..........             (no amulet)
HPRegen  0.24/turn              c - ring of protection from cold
MPRegen  0.10/turn              f - +4 ring of protection

@: berserking, hasted, very quick
A: no striking features
a: Renounce Religion, Berserk, Trog's Hand


You were on level 3 of the Dungeon.
You worshipped Trog.
Trog was most pleased with you.
You visited 1 branch of the dungeon, and saw 4 of its levels.
You also visited: Sewer.

You collected 159 gold pieces.

Inventory:

Hand Weapons
 a - a +0 hand axe (weapon)
Missiles
 q - 3 curare-tipped darts
Armour
 d - a +0 ring mail (worn)
Jewellery
 c - a ring of protection from cold (left hand)
 f - a +4 ring of protection (right hand)
 s - a ring of protection from cold
Scrolls
 b - a scroll of acquirement {unknown}
 g - a scroll of immolation {unknown}
 h - a scroll of teleportation {unknown}
 i - a scroll of noise {unknown}
 j - a scroll of enchant armour {unknown}
 l - 3 scrolls of identify {unknown}
Potions
 m - 5 potions of curing {unknown}
 n - 4 potions of might {unknown}
 o - 2 potions of brilliance {unknown}
 p - 2 potions of heal wounds {unknown}
 r - 3 potions of flight {unknown}


   Skills:
 - Level 3.6 Fighting
 + Level 11.0 Axes
 - Level 2.1 Armour
 - Level 1.5 Dodging


You had 6 spell levels left.
You didn't know any spells.
Your spell library was empty.

Dungeon Overview and Level Annotations

Branches:
Dungeon (4/15)              Sewer (visited)
 Temple: D:4-7

Altars:
Ashenzari
Fedhas
Ru

Annotations:
D:3 Ijyb


Message History

You are no longer poisoned.
The jackal bites you but does no damage.
The jackal closely misses you.
It was a potion of haste.
You feel yourself speed up.
The jackal bites you but does no damage.
It was a potion of ambrosia.
You are confused.
You feel invigorated. The jackal closely misses you.
You bump into the rock wall.
The jackal bites you but does no damage.
The jackal misses you.
The jackal bites you but does no damage.
You recover from your berserk rage.
The jackal bites you but does no damage.
The jackal closely misses you.
The jackal bites you but does no damage.
The jackal barely misses you.
The jackal bites you but does no damage.
The jackal bites you but does no damage.
You feel less invigorated.
You feel less confused. The jackal closely misses you.
A red film seems to cover your vision as you go berserk!
You feel yourself moving faster!
You feel mighty! The jackal misses you.
You slash the jackal!
You kill the jackal!
Trog accepts your kill.
Ijyb zaps a wand.
Your mind is blasted!
You slash Ijyb!
Ijyb is heavily wounded.
You closely miss Ijyb.
Ijyb is heavily wounded.
Ijyb zaps a wand.
Your mind is blasted!
* * * LOW HITPOINT WARNING * * *
You slash Ijyb!
Ijyb is almost dead.
You barely miss Ijyb.
Ijyb is almost dead.
Ijyb zaps a wand.
Your mind is blasted!
You die...

..# #.....#####...#####....#≈>.≈
### #.##..# ###...######.#≈≈≈≈
#.##..# ###.....##.#####
#.###.### #####......... ##.#
#...# #####..... ###..# #...##
####.. ###...## ###..# #..
....### #>.###### ##. ....#
#...g@..## ##
.##.########.#####..# #
.#.....).....######.## #
.#†#...#.##..........###### #
....###..###...####.......#######
#...#.#....###.# ###.###........
....†##..#.# #.# #..######....
####...#.#.###.## ###.######.##.
..|#.#.....<.#..####.#..##......#


You could see Ijyb.

Vanquished Creatures
  Eustachio (D:4)
  An ice beast (D:3)
  3 kobold brigands (Sewer)
  A scorpion (D:2)
  7 adders
  A worm (D:2)
  A dart slug (D:1)
  3 orcs (D:4)
  7 ball pythons
  8 bats
  8 endoplasms
  4 giant cockroaches
  6 goblins
  3 hobgoblins
  4 jackals
  6 quokkas
  4 frilled lizards
  15 kobolds
  7 rats
90 creatures vanquished.

Vanquished Creatures (others)
  A plant (Sewer)
1 creature vanquished.

Grand Total: 91 creatures vanquished

Notes
Turn   | Place    | Note
-------+----------+-------------------------------------------
     0 | D:1      | polve the Hill Orc Berserker began the quest for the Orb.
     0 | D:1      | Reached XP level 1. HP: 19/19 MP: 1/1
   293 | D:1      | Reached XP level 2. HP: 20/26 MP: 2/2
   733 | D:1      | Reached skill level 5 in Axes
  1393 | D:2      | Reached XP level 3. HP: 31/31 MP: 3/3
  1594 | D:2      | Noticed a scorpion
  1603 | D:2      | Killed a scorpion
  1604 | D:2      | Reached skill level 6 in Axes
  1604 | D:2      | Reached XP level 4. HP: 28/39 MP: 4/4
  2021 | D:2      | Reached skill level 7 in Axes
  2202 | D:2      | Reached XP level 5. HP: 45/45 MP: 5/5
  2257 | D:2      | Reached ** piety under Trog
  2574 | D:3      | Noticed an ice beast
  2595 | D:3      | Killed an ice beast
  2596 | D:3      | Reached skill level 8 in Axes
  2862 | D:3      | Found a glowing drain.
  2866 | Sewer    | Entered a sewer
  2883 | Sewer    | Reached XP level 6. HP: 51/51 MP: 6/6
  2986 | Sewer    | Reached skill level 9 in Axes
  3301 | Sewer    | Reached skill level 10 in Axes
  3301 | Sewer    | Reached XP level 7. HP: 45/57 MP: 7/7
  3714 | D:3      | Reached *** piety under Trog
  3855 | D:3      | Found a blossoming altar of Fedhas.
  3927 | D:3      | Found a broken altar of Ashenzari.
  3927 | D:3      | Found a sacrificial altar of Ru.
  3947 | D:4      | Noticed Eustachio
  3959 | D:4      | Killed Eustachio
  3980 | D:4      | Noticed Ijyb
  3983 | D:4      | Reached skill level 11 in Axes
  4014 | D:3      | Blown up by Ijyb

Illustrated notes

Levels and vault maps discovered:
D:1:      lemuel_arrival_behind_the_door_small, layout_basic,
          minmay_statues_item
D:2:      layout_basic, roderic_lattice_a, due_unseen_surprise
D:3:      layout_rooms, general_overflow_altar,
          gammafunk_temple_overflow_statue, gup_sewer_entry_bowl,
          minmay_fractal_squares_diagonal_5
D:4:      layout_rooms, zin_scriptorium, uniq_eustachio, uniq_ijyb,
          uniq_blork_the_orc

Skill      XL: |  1  2  3  4  5  6  7 |
---------------+----------------------+-----
Axes           | 5 6 7 8 10 11 | 11.0
Fighting       | |  3.6
Armour         | |  2.1
Dodging        | |  1.5

Action                   |  1- 3 |  4- 6 |  7- 9 || total
-------------------------+-------+-------+-------++-------
Melee: Hand axe          |    63 |   136 |    62 ||   261
Invok: Berserk           |     1 |     3 |     2 ||     6
  Use: Potion            |       |       |     2 ||     2
 Stab: Sleeping          |     1 |       |       ||     1
Armor: Animal skin       |     2 |       |       ||     2
       Ring mail         |     7 |    47 |    34 ||    88
Dodge: Dodged            |    43 |    75 |    45 ||   163

Table legend: (Time is in decaauts)
 A = Elapsed time spent in this place.
 B = Non-inter-level travel time spent in this place.
 C = Inter-level travel time spent in this place.
 D = Time resting spent in this place.
 E = Time spent auto-exploring this place.
 F = Levels seen in this place.
 G = Mean time per level.
                   A        B        C        D        E       F      G
               +--------+--------+--------+--------+--------+-----+--------+
         Total |   4059 |   3828 |    231 |     83 |   3211 |   5 |  811.8 |
       Dungeon |   3397 |   3166 |    231 |     50 |   2720 |   4 |  849.2 |
         Sewer |    661 |    661 |      0 |     32 |    491 |   1 |  661.0 |
               +--------+--------+--------+--------+--------+-----+--------+

Top non-repeatable levels by time:
     D:2: 1305 daAuts
     D:1: 1249 daAuts
     D:3: 798 daAuts
   Sewer: 661 daAuts
     D:4: 44 daAuts
